 Dungeon Crawl Stone Soup version 0.20-a0-208-g55166f7 (webtiles) character file.

4 deepsabbath the Firebug (level 1, -1/10 HPs)
             Began as a Deep Elf Fire Elementalist on Nov 25, 2016.
             Slain by a goblin
             ... wielding a +0 dagger
              (4 damage)
             ... on level 1 of the Dungeon.
             The game lasted 00:02:29 (874 turns).

deepsabbath the Firebug (Deep Elf Fire Elementalist) Turns: 874, Time: 00:02:29

Health: -1/10      AC:  3    Str:  5    XL:     1   Next: 58%
Magic:  6/6        EV: 13    Int: 19    God:
Gold:   8          SH:  0    Dex: 15    Spells: 5/6 levels left

rFire  . . .     SeeInvis .     (no weapon)
rCold  . . .     Gourm    .     a - +1 robe
rNeg   . . .     Faith    .     (no shield)
rPois  .         Spirit   .     (no helmet)
rElec  .         Reflect  .     (no cloak)
rCorr  .         Harm     .     (no gloves)
MR     .....                    (no boots)
Stlth  ++........               (no amulet)
                                (no ring)
                                (no ring)

@: no status effects
A: no striking features
a: no special abilities


You were on level 1 of the Dungeon.
You were not hungry.

You visited 1 branch of the dungeon, and saw 1 of its levels.

You collected 8 gold pieces.

Inventory:

Armour
 a - a +1 robe (worn)
Potions
 d - a potion of ambrosia {unknown}
Books
 b - a book of Flames
Comestibles
 c - a bread ration {@e1}
 f - a fruit


   Skills:
 + Level 3.0 Dodging
 - Level 2.4 Stealth
 - Level 3.0 Spellcasting
 - Level 1.1 Conjurations
 - Level 3.2 Fire Magic


You had 5 spell levels left.
You knew the following spells:

 Your Spells              Type           Power        Failure   Level  Hunger
a - Flame Tongue          Conj/Fire      ##...        10%         1    None


Dungeon Overview and Level Annotations

Branches:
Dungeon (1/15)

Altars:


Message History

You barely miss the bat. The bat hits you but does no damage.
You barely miss the bat. The bat hits you. The bat hits you but does no damage.
You closely miss the bat. The bat misses you.
The bat hits you but does no damage.
You hit the bat. The bat hits you but does no damage. x3
You hit the bat but do no damage. The bat barely misses you.
The bat misses you.
You hit the bat but do no damage. The bat barely misses you. The bat hits you.
* * * LOW HITPOINT WARNING * * *
You take 1 damage, and have 3/10 hp.
You barely miss the bat. The bat closely misses you.
You barely miss the bat. The bat misses you.
You barely miss the bat. The bat hits you but does no damage.
You miss the bat. The bat hits you.
* * * LOW HITPOINT WARNING * * *
You take 1 damage, and have 2/10 hp.
You hit the bat. The bat barely misses you. The bat closely misses you.
You barely miss the bat. The bat hits you.
* * * LOW HITPOINT WARNING * * *
You take 1 damage, and have 1/10 hp.
You miss the bat. The bat hits you but does no damage.
You hit the bat.
You kill the bat!
You start resting.
Health restored: 10 A goblin comes into view.
The goblin shouts!
A goblin is nearby!
A goblin is nearby!
You miss the goblin. The goblin misses you.
You closely miss the goblin. The goblin misses you.
You barely miss the goblin. The goblin barely misses you.
You hit the goblin. The goblin completely misses you.
You closely miss the goblin. The goblin hits you.
You take 3 damage, and have 7/10 hp.
MASSIVE DAMAGE!!
You completely miss the goblin. The goblin closely misses you.
You hit the goblin.
You kill the goblin!
You start resting.
A rat comes into view.
The rat moves out of view.
You start resting.
A kobold comes into view. It is wielding a club.
A kobold is nearby!
A kobold is nearby!
A frilled lizard comes into view.
An ooze comes into view.
The frilled lizard hisses angrily.
The ooze quivers.
The ooze moves out of view.
A goblin comes into view. It is wielding a club.
You barely miss the frilled lizard. The frilled lizard bites you.
You take 1 damage, and have 7/10 hp.
You hit the frilled lizard.
You kill the frilled lizard!
As you read the scroll labeled QONLUSTR TIDYRE, it crumbles to dust.
It is a scroll of recharging.
You aren't carrying any rechargeable items.
As you read the scroll labeled XOSTRE XAGRUBER, it crumbles to dust.
It is a scroll of enchant weapon.
You aren't carrying any weapons that can be enchanted.
The goblin closely misses you. The goblin barely misses you.
The rat misses you.
You hit the rat.
You kill the rat!
Your Dodging skill increases to level 3!
You see here 16 gold pieces.
You see here a scroll labeled DUPAAT EJAMA.
As you read the scroll labeled DUPAAT EJAMA, it crumbles to dust.
It is a scroll of enchant armour.
Your +0 robe glows green for a moment.
The goblin closely misses you.
The kobold shouts!
The kobold throws a stone.
The stone hits you but does no damage.
The kobold throws a stone.
The stone closely misses you. The kobold misses you.
The goblin hits the plant but does no damage.
The goblin shouts!
You closely miss the goblin. The kobold hits you but does no damage.
The goblin misses you.
You closely miss the goblin. The kobold barely misses you.
The goblin misses you.
You completely miss the goblin. The kobold hits you but does no damage.
The goblin hits you but does no damage.
You barely miss the goblin. The goblin hits you with a dagger.
The kobold hits you but does no damage.
You take 4 damage, and have 5/10 hp.
MASSIVE DAMAGE!!
You barely miss the goblin. The goblin misses you.
The kobold barely misses you.
You hit the goblin. The goblin hits you with a dagger.
* * * LOW HITPOINT WARNING * * *
You take 2 damage, and have 3/10 hp.
You closely miss the goblin. The kobold barely misses you.
The goblin completely misses you.
You closely miss the goblin. The kobold barely misses you.
The goblin hits you with a dagger.
You die...

( #. .## .. #. #.## ##
#..#####..########
#####.$...##...g@KgJ##
.........(..#######..###
#####..P...P.# ##...#
#........# ###.##
#...%<...# #..#
#......J.# ##J#
#..P...P.# ######.#
#........#####.Jg...#
######.............######


You could see an ooze, 2 goblins and a kobold.

Vanquished Creatures
  2 bats (D:1)
  A frilled lizard (D:1)
  A goblin (D:1)
  A rat (D:1)
5 creatures vanquished.

Notes
Turn   | Place    | Note
-------+----------+-------------------------------------------
     0 | D:1      | deepsabbath the Deep Elf Fire Elementalist began the quest for the Orb.
     0 | D:1      | Reached XP level 1. HP: 10/10 MP: 6/6
    90 | D:1      | HP: 2/10 [bat (1)]
   442 | D:1      | HP: 2/10 [bat (1)]
   833 | D:1      | Reached skill level 3 in Dodging
   874 | D:1      | Slain by a goblin

Vault maps used:
D:1:      dpeg_arrival_orchard

Skill      XL: |  1 |
---------------+----+-----
Dodging        | 3 |  3.0
Stealth        | |  2.4
Spellcasting   | |  3.0
Conjurations   | |  1.1
Fire Magic     | |  3.2

Action                   || total
-------------------------++-------
Melee: Unarmed           ||   110
  Use: Scroll            ||     3
       Potion            ||     1
Armor: Robe              ||    55
Dodge: Dodged            ||   131

Vault maps used:
D:1:      dpeg_arrival_orchard

Table legend:
 A = Turns spent in this place as a percentage of turns spent in the entire game.
 B = Non-inter-level travel turns spent in this place as a percentage of non-inter-level travel turns spent in the entire game.
 C = Inter-level travel turns spent in this place as a percentage of turns spent in this place.
 D = Turns resting spent in this place as a percentage of non-inter-level travel turns spent in this place.
 E = Turns spent auto-exploring this place as a percentage of non-inter-level travel turns spent in this place.
 F = Non-inter-level travel turns spent in this place divided by the number of levels of this place that you've seen.
                   A       B       C       D       E      F
               +-------+-------+-------+-------+-------+----------------------
         Total | 100.0 | 100.0 |   0.0 |   2.3 |   0.0 | 348.0
       Dungeon | 100.0 | 100.0 |   0.0 |   2.3 |   0.0 | 348.0
               +-------+-------+-------+-------+-------+----------------------

Table legend:
 A = Kills in this place as a percentage of kills in entire the game.
 B = Kills by you in this place as a percentage of kills by you in the entire game.
 C = Kills by friends in this place as a percentage of kills by friends in the entire game.
 D = Other kills in this place as a percentage of other kills in the entire game.
 E = Experience gained in this place as a percentage of experience gained in the entire game.
 F = Experience gained in this place divided by the number of levels of this place that you have seen.
                   A       B       C       D       E      F
               +-------+-------+-------+-------+-------+----------------------
         Total | 100.0 | 100.0 |  -nan |  -nan | 100.0 |   7.0
       Dungeon | 100.0 | 100.0 |  -nan |  -nan | 100.0 |   7.0
               +-------+-------+-------+-------+-------+----------------------
